 Dungeon Crawl Stone Soup version 0.19-a0-1008-g4c63d25 (webtiles) character file.

2 Implojin the Shield-Bearer (level 1, -2/22 HPs)
             Began as a Troll Fighter on July 21, 2016.
             Slain by a scorpion (5 damage)
             ... on level 4 of the Dungeon.
             The game lasted 00:00:50 (172 turns).

Implojin the Shield-Bearer (Troll Fighter)           Turns: 172, Time: 00:00:50

Health: -2/22      AC:  5    Str: 23    XL:     1   Next: 25%
Magic:  0/0        EV:  8    Int:  4    God:
Gold:   11         SH:  8    Dex:  9    Spells: 0 memorised, 0 levels left

rFire  . . .     SeeInvis .       - Unarmed
rCold  . . .     Gourm    +     a - +0 robe
rNeg   . . .     Faith    .     b - +0 shield
rPois  .         Spirit   .     (helmet restricted)
rElec  .         Dismiss  .     (no cloak)
rCorr  .         Reflect  .     (gloves unavailable)
SustAt .         Harm     .     (boots unavailable)
MR     .....                    (no amulet)
Stlth  +.........               (no ring)
                                (no ring)

@: lethally poisoned (-2 -> -2), not resistant to hostile enchantments, very
unstealthy
A: unfitting armour, claws 3, fast metabolism 3, gourmand, regeneration 2,
shaggy fur 1, tough skin 2
a: no special abilities


You were on level 4 of the Dungeon.
You were not hungry.

You visited 1 branch of the dungeon, and saw 4 of its levels.

You collected 11 gold pieces.

Inventory:

Armour
 a - a +0 robe (worn)
 b - a +0 shield (worn)
Potions
 c - a potion of might
Comestibles
 d - 2 bread rations


   Skills:
 - Level 2.4 Fighting
 - Level 2.4 Dodging
 - Level 2.4 Shields
 * Level 2.2 Unarmed Combat


You couldn't memorise any spells.
You didn't know any spells.

Dungeon Overview and Level Annotations

Branches:
Dungeon (4/15)
 Temple: D:4-7

Altars:
The Shining One

Shops:
D:4 :


Innate Abilities, Weirdness & Mutations

You are too large for most types of armour.
You have claws for hands.
Your metabolism is lightning-fast.
You like to eat raw meat.
You heal very quickly.
You are covered in fur. (AC +1)
You have very tough skin. (AC +2)


Message History

The scorpion is heavily wounded.
You feel sick. The scorpion barely misses you. x2
You scratch the scorpion but do no damage.
The scorpion is heavily wounded.
The scorpion stings you.
* * * LOW HITPOINT WARNING * * *
Unknown command.
You closely miss the scorpion.
The scorpion is heavily wounded.
You feel sick. The scorpion stings you.
* * * LOW HITPOINT WARNING * * *
Unknown command.
You barely miss the scorpion.
The scorpion is heavily wounded.
You feel sick.
The scorpion stings you but does no damage.
Okay, then.
You closely miss the scorpion.
The scorpion is heavily wounded.
You block the scorpion's attack.
You completely miss the scorpion.
The scorpion is heavily wounded.
You block the scorpion's attack.
You closely miss the scorpion.
The scorpion is heavily wounded.
You feel sick. You block the scorpion's attack.
Unknown command.
Unknown command.
You scratch the scorpion but do no damage.
The scorpion is heavily wounded.
The scorpion barely misses you.
You closely miss the scorpion.
The scorpion is heavily wounded.
The scorpion stings you.
* * * LOW HITPOINT WARNING * * *
Unknown command.
You scratch the scorpion but do no damage.
The scorpion is heavily wounded.
You feel sick. The scorpion stings you.
You die...

#........ #.##
#........ #<#.
#.......# #.#. .
#.......# #.#. ..
#.......# #.#. ...
#.......# #.##
....###.......#######.#
......+...)...'..>....#
...._.s@......#########
......8.......#
...........####
%...8$∩.8..#
####.......# #..8....#
#.......# ....#.....
.....#..$...


You could see a scorpion.

Vanquished Creatures
  A hobgoblin (D:2)
  A rat (D:2)
2 creatures vanquished.

Notes
Turn   | Place    | Note
-------+----------+-------------------------------------------
     0 | D:1      | Implojin the Troll Fighter began the quest for the Orb.
     0 | D:1      | Reached XP level 1. HP: 22/22 MP: 0/0
   143 | D:4      | Found Kialoz's Book Shoppe.
   145 | D:4      | Found a glowing golden altar of the Shining One.
   147 | D:4      | Noticed a scorpion
   172 | D:4      | Slain by a scorpion

Vault maps used:
D:1:      nagdon_arrival_zigzag_paths
D:2:      nicolae_overflow_hidden_temple, grunt_qazlal_clouds,
          lemuel_round_altar
D:3:      fedhas_altar_3, kennysheep_generic_room_8
D:4:      kennysheep_mini, overflow_temple_1_default, serial_shops,
          nicolae_shop_statue_plus, uniq_pikel

Action                   || total
-------------------------++-------
Melee: Unarmed           ||    26
Armor: Robe              ||    20
Dodge: Dodged            ||    13
Block: Shield            ||    23

Table legend:
 A = Turns spent in this place as a percentage of turns spent in the entire game.
 B = Non-inter-level travel turns spent in this place as a percentage of non-inter-level travel turns spent in the entire game.
 C = Inter-level travel turns spent in this place as a percentage of turns spent in this place.
 D = Turns resting spent in this place as a percentage of non-inter-level travel turns spent in this place.
 E = Turns spent auto-exploring this place as a percentage of non-inter-level travel turns spent in this place.
 F = Non-inter-level travel turns spent in this place divided by the number of levels of this place that you've seen.
                   A       B       C       D       E      F
               +-------+-------+-------+-------+-------+----------------------
         Total | 100.0 | 100.0 |   0.0 |   0.0 |   0.0 |  45.8
       Dungeon | 100.0 | 100.0 |   0.0 |   0.0 |   0.0 |  45.8
               +-------+-------+-------+-------+-------+----------------------

Table legend:
 A = Kills in this place as a percentage of kills in entire the game.
 B = Kills by you in this place as a percentage of kills by you in the entire game.
 C = Kills by friends in this place as a percentage of kills by friends in the entire game.
 D = Other kills in this place as a percentage of other kills in the entire game.
 E = Experience gained in this place as a percentage of experience gained in the entire game.
 F = Experience gained in this place divided by the number of levels of this place that you have seen.
                   A       B       C       D       E      F
               +-------+-------+-------+-------+-------+----------------------
         Total | 100.0 | 100.0 |  -nan |  -nan | 100.0 |   0.8
       Dungeon | 100.0 | 100.0 |  -nan |  -nan | 100.0 |   0.8
               +-------+-------+-------+-------+-------+----------------------
